 Dungeon Crawl Stone Soup version 0.30-a0-620-g0e44632947 (webtiles) character file.

Game seed: 5885860713845903737

16 BaabKaare the Firebug (level 2, 0/16 (19) HPs)
             Began as a Human Fire Elementalist on Jan 10, 2023.
             Slain by a gnoll
             ... wielding a +2 whip of draining
              (2 damage)
             ... on level 2 of the Dungeon.
             The game lasted 00:02:15 (538 turns).

BaabKaare the Firebug (Human Fire Elementalist)      Turns: 538, Time: 00:02:15

HP:   0/16 (19)     AC:  2    Str:  8    XL:     2   Next: 70%
MP:   2/5           EV: 12    Int: 15    God:
Gold: 82            SH:  0    Dex: 13    Spells: 4/5 levels left

rFire   . . .      SeeInvis .    (no weapon)
rCold   . . .      Faith    .    (no shield)
rNeg    . . .      Spirit   .    a - +0 robe
rPois   .          Reflect  .    (no helmet)
rElec   .          Harm     .    (no cloak)
rCorr   .          Rampage  .    (no gloves)
Will    .....                    (no boots)
Stlth   ++                       (no amulet)
HPRegen 0.22/turn                (no ring)
MPRegen 0.09/turn                (no ring)

@: heavily drained
A: no striking features
a: no special abilities


You were on level 2 of the Dungeon.
You visited 1 branch of the dungeon, and saw 3 of its levels.

You collected 82 gold pieces.

Inventory:

Armour
 a - a +0 robe (worn)
Scrolls
 c - a scroll of noise {unknown}
 d - a scroll of identify {unknown}
 e - a scroll of teleportation {unknown}
 f - a scroll of fog {unknown}
 h - a scroll of enchant weapon {unknown}
Potions
 b - a potion of magic
 g - a potion of resistance {unknown}


   Skills:
 + Level 2.2 Dodging
 + Level 2.0 Stealth
 + Level 2.2 Spellcasting
 + Level 1.0 Conjurations
 + Level 3.4 Fire Magic


You had 4 spell levels left.
You knew the following spells:

 Your Spells              Type           Power      Damage    Failure   Level
a - Foxfire               Conj/Fire      32%        2x1d5     9%          1

Your spell library contained the following spells:

 Spells                   Type           Power      Damage    Failure   Level
 Scorch                   Fire           24%        2d6       8%          2
 Blink                    Tloc           2%         N/A       32%         2
 Inner Flame              Hex/Fire       6%         N/A       32%         3
 Kindle Blastsparks       Fire/Tloc/Air  10%        2d10      38%         3
 Flame Wave               Conj/Fire      8%         2d5       65%         4
 Manifold Assault         Tloc           1%         N/A       91%         4
 Storm Form               Tmut/Air       0%         N/A       100%        7


Dungeon Overview and Level Annotations

Branches:
Dungeon (3/15)

Altars:


Message History

You conjure some foxfire!
The foxfire hits the gnoll.
The gnoll is heavily wounded.
The foxfire hits the gnoll.
The gnoll is severely wounded.
The gnoll hits you from afar with a +0 spear.
Casting: Foxfire (safe; 9% risk of failure)
Confirm with . or Enter, or press ? or * to list all spells.
You conjure some foxfire!
A gnoll comes into view. It is wielding a +0 halberd.
The hobgoblin closely misses you. The gnoll misses you.
The foxfire hits the hobgoblin but does no damage.
The foxfire hits the gnoll.
The gnoll is severely wounded.
The hobgoblin barely misses you. The gnoll misses you.
You can't go up here!
The gnoll barely misses you. The hobgoblin misses you.
The gnoll hits you but does no damage.
You climb downwards.
Your magical contamination has completely faded away.
There is a stone staircase leading up here.
The gnoll attacks as you move away!
The gnoll hits you with a +2 whip of draining.
You feel drained. The hobgoblin closely misses you.
The hobgoblin attacks as you move away! The hobgoblin barely misses you.
The hobgoblin attacks as you move away! The hobgoblin barely misses you.
The gnoll attacks as you move away!
The gnoll hits you with a +2 whip of draining!
You feel drained.
* * * LOW HITPOINT WARNING * * *
There is a stone staircase leading up here.
The bat hits you but does no damage. The gnoll misses you.
You climb upwards.
There is a stone staircase leading down here.
The gnoll barely misses you. The gnoll attacks as you move away!
The gnoll hits you with a +2 whip of draining.
* * * LOW HITPOINT WARNING * * *
You feel drained.
You die...

#..###.#...#
#..#
##.##......
#..# #.#
#.#...
#)(####.###.#
..
#...†.......#
#.#####.#####
#.# #.# #.#
#.# #@# #.#
#g#####.#
#>...##.#
####.# .# #


You could see a gnoll.

Vanquished Creatures
  2 bats (D:1)
  2 endoplasms
  2 goblins (D:1)
  A hobgoblin (D:1)
  A ball python (D:1)
  2 frilled lizards (D:1)
  2 kobolds
  3 rats
15 creatures vanquished.

Vanquished Creatures (others)
  30 foxfires
  10 plants (D:2)
40 creatures vanquished.

Grand Total: 55 creatures vanquished

Notes
Turn   | Place    | Note
-------+----------+-------------------------------------------
     0 | D:1      | BaabKaare the Human Fire Elementalist began the quest for
                  | the Orb.
     0 | D:1      | Reached XP level 1. HP: 13/13 MP: 3/3
   205 | D:1      | Reached XP level 2. HP: 19/19 MP: 3/5
   538 | D:2      | Slain by a gnoll

Illustrated notes

Levels and vault maps discovered:
D:1:      minmay_arrival_loop, layout_loops_ring, st_stairs_14
D:2:      layout_loops_ring, nicolae_grassy_gnolls
D:3:      layout_loops_cross, hellmonk_ecumenical_altar_watching_god

Action                   || total
-------------------------++-------
 Cast: Foxfire           ||    20
Armor: Robe              ||     4
Dodge: Dodged            ||    18

Table legend: (Time is in decaauts)
 A = Elapsed time spent in this place.
 B = Non-inter-level travel time spent in this place.
 C = Inter-level travel time spent in this place.
 D = Time resting spent in this place.
 E = Time spent auto-exploring this place.
 F = Levels seen in this place.
 G = Mean time per level.
                   A        B        C        D        E       F      G
               +--------+--------+--------+--------+--------+-----+--------+
         Total |    539 |    539 |      0 |    166 |     64 |   3 |  179.7 |
       Dungeon |    539 |    539 |      0 |    166 |     64 |   3 |  179.7 |
               +--------+--------+--------+--------+--------+-----+--------+

Top non-repeatable levels by time:
     D:1: 357 daAuts
     D:2: 118 daAuts
     D:3: 64 daAuts
